 Seeded DCSS version 0.30-a0-304-gdc4b735fe1 (webtiles) character file.

Game seed: 452596964315409404 (custom seed)

21948 koil the Covert (level 12, -1/64 HPs)
             Began as a Spriggan Brigand on Oct 21, 2022.
             Was a High Priest of Wu Jian.
             Engulfed by a cloud of freezing vapour (12 damage)
             ... in an ice cave.
             The game lasted 00:58:20 (12251 turns).

koil the Covert (Spriggan Brigand)                 Turns: 12251, Time: 00:58:20

Health: -1/64      AC:  6    Str: 13    XL:     12   Next: 58%
Magic:  27/27      EV: 28    Int: 20    God:    Wu Jian [*****.]
Gold:   889        SH:  0    Dex: 23    Spells: 26/31 levels left

rFire   + . .      SeeInvis +    r - +12 pair of quick blades "Gyre" and "Gimble" {protect}
rCold   + . .      Faith    .    (shield currently unavailable)
rNeg    . . .      Spirit   .    D - +2 robe {Will+}
rPois   +          Reflect  .    (helmet restricted)
rElec   +          Harm     .    c - +1 cloak
rCorr   +          Rampage  .    (gloves unavailable)
Will    ++++.                    (boots unavailable)
Stlth   ++++++....               (no amulet)
HPRegen 0.30/turn                j - +6 ring of dexterity
MPRegen 0.20/turn                U - ring of Jicroes {rElec Will+ Str+6 Int+3}

@: resistant, very quick
A: very small, no large weapons, unfitting armour, see invisible, speed 3
a: Renounce Religion, Wall Jump, Serpent's Lash, Heavenly Storm


You were in an ice cave.
You worshipped Wu Jian.
Wu Jian was extremely pleased with you.
You visited 2 branches of the dungeon, and saw 13 of its levels.
You also visited: Ice Cave.

You collected 889 gold pieces.

Inventory:

Hand Weapons
 a - a +3 dagger
 o - a +3 flail of freezing
 r - the +12 pair of quick blades "Gyre" and "Gimble" (weapon) {protect}
   (You found it on level 5 of the Dungeon)

   It grants its wielder temporary protection when it strikes (+7 to AC).
 P - a +4 dagger
Missiles
 d - 25 poisoned darts
 e - 3 curare-tipped darts (quivered)
Armour
 c - a +1 cloak (worn)
 i - a +1 tower shield of cold resistance
 D - a +2 robe of willpower (worn)
Jewellery
 h - a ring of wizardry
 j - a +6 ring of dexterity (left hand)
 t - an amulet of reflection
 w - a +6 ring of intelligence
 C - a ring of flight
 U - the ring of Jicroes (right hand) {rElec Will+ Str+6 Int+3}
   (You found it on level 11 of the Dungeon)

   [ring of strength]

   Str:       It affects your strength (+6).
   Int:       It affects your intelligence (+3).
   rElec:     It insulates you from electricity.
   Will:      It increases your willpower.
Wands
 k - a wand of mindburst (6)
 l - a wand of flame (17)
 n - a wand of roots (19)
 B - a wand of paralysis (24)
 S - a wand of polymorph (7)
 X - a wand of quicksilver (5)
Scrolls
 f - 3 scrolls of enchant weapon
 m - a scroll of teleportation
 p - a scroll of fear
 x - a scroll of silence
 A - a scroll of butterflies
 O - a scroll of blinking
Potions
 b - a potion of cancellation
 g - 5 potions of curing
 u - 2 potions of brilliance
 z - a potion of invisibility
 I - a potion of mutation
 L - a potion of haste
 R - 2 potions of magic
 V - a potion of might


   Skills:
 + Level 7.7 Fighting
 - Level 10.0 Short Blades
 - Level 2.0 Throwing
 + Level 11.7 Dodging
 + Level 14.8 Stealth
 + Level 10.3 Spellcasting
 - Level 5.0 Hexes
 + Level 2.6 Transmutations
 - Level 5.0 Fire Magic
 + Level 1.9 Poison Magic


You had 26 spell levels left.
You knew the following spells:

 Your Spells              Type           Power      Damage    Failure   Level
a - Ensorcelled Hibernat  Hex/Ice        40%        N/A       3%          2
b - Ignite Poison         Fire/Tmut/Pois 23%        N/A       5%          3

Your spell library contained the following spells:

 Spells                   Type           Power      Damage    Failure   Level
 Passwall                 Tmut/Erth      12%        N/A       6%          2
 Freeze                   Ice            40%        1d6       7%          1
 Necrotise                Necr           40%        1d6       7%          1
 Kindle Blastsparks       Fire/Tloc/Air  32%        2d12      11%         3
 Frozen Ramparts          Ice            20%        1d4       21%         3
 Hailstorm                Conj/Ice       10%        3d5       21%         3
 Swiftness                Air            10%        N/A       21%         3
 Vhi's Electric Charge    Tloc/Air       20%        N/A       21%         3
 Animate Dead             Necr           10%        N/A       56%         4
 Arcjolt                  Conj/Air       5%         1d15      88%         5
 Borgnjor's Vile Clutch   Necr/Erth      5%         N/A       88%         5
 Freezing Cloud           Conj/Ice/Air   5%         6-21      88%         5
 Death Channel            Necr           5%         N/A       100%        6
 Maxwell's Capacitive Co  Air            5%         ∞         100%        8


Dungeon Overview and Level Annotations

Branches:
Dungeon (12/15)            Temple (1/1) D:4            Lair (0/5) D:8
    Orc (0/2) D:10          IceCv (1/1)

Altars:
Ashenzari
Cheibriados
Dithmenos
Elyvilon
Fedhas
Gozag
Hepliaklqana
Kikubaaqudgha
Makhleb
Nemelex Xobeh
Okawaru
Qazlal
Ru
Sif Muna
Trog
Uskayaw
Vehumet
Wu Jian
Xom
Yredelemnul
Zin
The Shining One

Shops:
D:2 [   D:10 !

Annotations:
D:2 1 exclusion
D:4 3 runed translucent doors, koil's ghost, amateur SpBr


Innate Abilities, Weirdness & Mutations

You are very small and have problems with some larger weapons.
You are too small for most types of armour.
You have supernaturally acute eyesight. (SInv)
You cover ground extremely quickly. (Speed+++)


Message History

The death yak bellows!
Unknown command.
You hear a bellow!
Why would you want to do that?
Unknown command.
The death yak bellows!
You feel very buoyant.
You fly up into the air.
The death yak snorts and paws the ground.
Found a wand of roots (5).
Found a wand of roots (8).
Found a scroll of fear.
n - a wand of roots (11) (gained 5 charges) Unknown command.
p - a scroll of fear
n - a wand of roots (19) (gained 8 charges) Careful!
You are starting to lose your buoyancy.
Casting: Ensorcelled Hibernation (safe; 3% risk of failure)
Confirm with . or Enter, or press ? or * to list all spells.
Okay, then.
Unknown command.
Okay, then.
Unknown command.
Unknown command.
Unknown command.
You float gracefully downwards.
You see here a yak corpse.
You see here a rime drake corpse.
You are engulfed in freezing vapours.
You are engulfed in freezing vapours.
You are engulfed in freezing vapours.
You are engulfed in freezing vapours.
You are engulfed in freezing vapours.
* * * LOW HITPOINT WARNING * * *
You start resting.
You are engulfed in freezing vapours.
* * * LOW HITPOINT WARNING * * *
You feel protected.
You are engulfed in freezing vapours.
You resist.
You die...

#####.##≈###...
##..#.######....
#...†..# #.....
##.##.⌠.#
##..#..
#..##...#
#..###.
#.####.####.##
## #§.##### #..#
# ###§§.## ##..#
# #§@#...# #..##
# ##☼#...# #.##
# ##§###..##
#..# #
#§§###††.###..#
#
##§§☼###...###.#
# #§§☼☼#
##†.###.# ###
##§°○# #...#.##
#.# #☼○°§○#
##..#.# ##..
#.°§○○# ##...#
#.#.


There were no monsters in sight!

Vanquished Creatures
  2 two-headed ogres (D:11)
  A boulder beetle (D:11)
  2 death yaks (IceCv)
  Pikel (D:9)
  An ugly thing (D:11)
  2 cyclopes (D:11)
  2 manticores (D:11)
  The ghost of Iusername the Trooper, a novice MiFi (D:5)
  An ice statue (IceCv)
  An unseen horror (D:10)
  A rime drake (IceCv)
  4 trolls
  7 polar bears (IceCv)
  A hornet (D:11)
  Sigmund (D:2)
  29 yaks
  A wyvern (D:9)
  3 steam dragons (D:8)
  10 vampire mosquitoes (D:10)
  2 acid dragons (D:10)
  A water moccasin (D:6)
  3 orc warriors
  2 ice beasts
  3 sky beasts
  16 wolves
  8 centaurs
  6 ogres
  2 phantoms
  3 bullfrogs
  A kobold brigand (D:9)
  2 necrophages
  8 scorpions
  A gnoll sergeant (D:8)
  A wyvern zombie (D:8)
  11 wights
  7 killer bees
  3 electric eels (D:8)
  3 howler monkeys
  A centaur zombie (D:8)
  8 orc priests
  8 hounds
  14 orc wizards
  2 iguanas
  8 gnolls
  9 adders
  A shadow imp (D:6)
  2 white imps
  2 ufetubi
  A worm (D:2)
  A dart slug (D:4)
  37 orcs
  8 ball pythons
  7 endoplasms
  5 giant cockroaches
  9 hobgoblins
  6 jackals
  4 quokkas
  10 bats
  2 frilled lizards (D:1)
  8 goblins
  20 kobolds
  6 rats
  2 fungi (D:11)
335 creatures vanquished.

Vanquished Creatures (others)
  7 fungi (D:11)
  4 plants (D:3)
  7 toadstools (D:2)
18 creatures vanquished.

Grand Total: 353 creatures vanquished

Notes
Turn   | Place    | Note
-------+----------+-------------------------------------------
     0 | D:1      | koil the Spriggan Brigand began the quest for the Orb.
     0 | D:1      | Reached XP level 1. HP: 10/10 MP: 2/2
   204 | D:1      | Reached skill level 6 in Stealth
   311 | D:1      | Reached XP level 2. HP: 15/15 MP: 2/4
   522 | D:1      | Reached skill level 1 in Spellcasting
   847 | D:2      | Reached XP level 3. HP: 9/18 MP: 5/5
   889 | D:2      | Noticed Sigmund
   898 | D:2      | Killed Sigmund
   899 | D:2      | Reached skill level 7 in Stealth
   899 | D:2      | Reached XP level 4. HP: 23/23 MP: 5/8
   899 | D:2      | Reached XP level 5. HP: 27/27 MP: 5/9
  1111 | D:2      | Found Tiaxt's Armour Shop.
  1834 | D:3      | Found a glowing silver altar of Zin.
  2218 | D:4      | Identified the +1 ring mail of the Centipede {Harm Rampage
                  | Str+7 Dex-2}
  2282 | D:4      | Found a staircase to the Ecumenical Temple.
  2288 | Temple   | Entered the Ecumenical Temple
  2513 | Temple   | Became a worshipper of the Wu Jian Council
  2690 | D:4      | Reached XP level 6. HP: 15/32 MP: 11/11
  3067 | D:5      | Entered Level 5 of the Dungeon
  3090 | D:4      | Found a runed translucent gate.
  3093 | D:4      | Found a runed translucent gate.
  3094 | D:4      | Found a runed translucent gate.
  3099 | D:4      | Noticed koil's ghost (amateur SpBr)
  3371 | D:4      | Reached * piety under Wu Jian
  3800 | D:5      | Noticed an ice beast
  3847 | D:5      | Learned a level 2 spell: Ensorcelled Hibernation
  3853 | D:5      | Killed an ice beast
  3854 | D:5      | Reached skill level 8 in Stealth
  3854 | D:5      | Reached XP level 7. HP: 33/36 MP: 13/13
  3989 | D:5      | Reached skill level 5 in Dodging
  4358 | D:5      | Reached skill level 5 in Short Blades
  4399 | D:5      | Reached XP level 8. HP: 41/41 MP: 15/15
  4731 | D:5      | Found a runed translucent door.
  4734 | D:5      | Noticed Iusername's ghost (novice MiFi)
  4735 | D:5      | Found the +12 pair of quick blades "Gyre" and "Gimble"
                  | {protect}
  4884 | D:5      | Found a bloodstained altar of Trog.
  4969 | D:5      | Found a white marble altar of Elyvilon.
  4970 | D:5      | Found a shadowy altar of Dithmenos.
  4971 | D:5      | Found a snail-covered altar of Cheibriados.
  5036 | D:5      | Found a radiant altar of Vehumet.
  5036 | D:5      | Found an ancient bone altar of Kikubaaqudgha.
  5037 | D:5      | Found a shimmering blue altar of Sif Muna.
  5044 | D:5      | Got Kikubaaqudgha's Anthology of Necromancy
  5308 | D:5      | Killed Iusername's ghost
  5309 | D:5      | Reached skill level 9 in Stealth
  5309 | D:5      | Reached skill level 5 in Spellcasting
  5313 | D:5      | Learned a level 3 spell: Ignite Poison
  5565 | D:6      | Reached ** piety under Wu Jian
  5582 | D:6      | Reached XP level 9. HP: 46/46 MP: 18/18
  5616 | D:6      | Reached skill level 10 in Stealth
  6819 | D:8      | Found a staircase to the Lair.
  6819 | D:8      | Noticed a troll
  6838 | D:8      | Reached skill level 1 in Hexes
  6988 | D:8      | Killed a troll
  6989 | D:8      | Reached skill level 5 in Fighting
  7012 | D:8      | Reached skill level 11 in Stealth
  7047 | D:8      | Reached XP level 10. HP: 29/51 MP: 21/21
  7342 | D:8      | Identified the +3 leather armour of Nuhon {rElec rCorr
                  | Dex+2 SInv}
  7720 | D:8      | Reached *** piety under Wu Jian
  7770 | D:8      | Found a basalt altar of Yredelemnul.
  7946 | D:9      | Reached skill level 1 in Fire Magic
  7987 | D:9      | Noticed Pikel
  7997 | D:9      | Killed Pikel
  8752 | D:10     | Entered Level 10 of the Dungeon
  8819 | D:10     | Found Kivaix's Distillery.
  8858 | D:10     | Reached skill level 12 in Stealth
  9006 | D:10     | Reached **** piety under Wu Jian
  9062 | D:10     | Reached XP level 11. HP: 47/56 MP: 24/24
  9143 | D:10     | Reached skill level 5 in Hexes
  9355 | D:10     | Found a staircase to the Orcish Mines.
  9512 | D:11     | Noticed a two-headed ogre
  9534 | D:11     | Killed a two-headed ogre
  9701 | D:11     | Identified the ring of Jicroes {rElec Will+ Str+6 Int+3}
  9706 | D:11     | Reached skill level 10 in Dodging
  9740 | D:11     | Reached ***** piety under Wu Jian
  9741 | D:11     | Reached skill level 13 in Stealth
 10067 | D:11     | Noticed a two-headed ogre
 10068 | D:11     | Noticed a brown ugly thing
 10073 | D:11     | Killed a two-headed ogre
 10074 | D:11     | Reached skill level 10 in Short Blades
 10076 | D:11     | Killed a brown ugly thing
 10570 | D:11     | Noticed a boulder beetle
 10638 | D:11     | Killed a boulder beetle
 11533 | D:12     | Reached XP level 12. HP: 63/63 MP: 26/26
 11555 | D:12     | Noticed a boulder beetle
 11658 | D:12     | Found a frozen archway.
 11735 | IceCv    | Entered an ice cave
 11824 | IceCv    | Reached skill level 14 in Stealth
 11848 | IceCv    | Reached skill level 10 in Spellcasting
 11964 | IceCv    | Reached skill level 5 in Fire Magic
 11982 | IceCv    | Reached skill level 1 in Transmutations
 12109 | IceCv    | Reached skill level 1 in Poison Magic
 12120 | IceCv    | Noticed a death yak
 12120 | IceCv    | Noticed a death yak
 12122 | IceCv    | Killed a death yak
 12123 | IceCv    | Killed a death yak
 12143 | IceCv    | Noticed a death yak
 12143 | IceCv    | Noticed a death yak
 12143 | IceCv    | Noticed a frost giant
 12143 | IceCv    | Noticed a death yak
 12143 | IceCv    | Noticed a death yak
 12251 | IceCv    | Engulfed by a cloud of freezing vapour

Illustrated notes

Levels and vault maps discovered:
D:1:      dpeg_arrival_oval, layout_loops_ring, nrook_mini_backslash
D:2:      cheibrodos_fertilizer, layout_rooms, serial_aquarium,
          aquarium_bridge_straight [aquarium_subvault_bridge,
          aquarium_subvault_wall, aquarium_subvault_bridge,
          aquarium_subvault_balcony], aquarium_window_corner,
          aquarium_window_corridor_3, aquarium_window_2, aquarium_window_fake,
          aquarium_view_2e, aquarium_balcony_5a, serial_shops,
          nicolae_shop_stone, uniq_natasha, uniq_robin, uniq_sigmund
D:3:      layout_rooms, zin_scriptorium, chequers_big_river
D:4:      layout_basic, temple_green, gammafunk_ghost_necromancy,
          minmay_mini_jars
D:5:      layout_layer_cave, grunt_temple_overflow_magic_moments,
          trog_hazing_becter, chequers_temple_overflow_statue_of_worship,
          ebering_ghost_inner_flame, minmay_misc_feat_plants,
          chequers_serial_rivers_large_a
D:6:      layout_loops_ring, serial_rivers, chequers_serial_rivers_marsh,
          chequers_serial_rivers_micro_d, chequers_serial_rivers_marsh,
          chequers_serial_rivers_room_a, chequers_serial_rivers_micro_b,
          kennysheep_generic_room_5
D:7:      layout_loops_ring, dk_noncrumbling_4, glass_columns_a,
          serial_bayou_crossing
D:8:      layout_basic, lemuel_zombie_altar_yredelemnul, erik_lair_island
D:9:      layout_irregular_city, feat_on_display, uniq_pikel
D:10:     layout_cross, minmay_orc_entry_temple_small, serial_shops,
          nicolae_shop_hallway_plus
D:11:     old_forge, layout_layer_cave
D:12:     layout_cave_pods, portal_ice_cave_entry_pillars_1, uniq_rupert,
          uniq_nergalle, uniq_frances
Temple:   nicolae_temple_figure_eight
IceCv:    ice_cave_caverns_01

Skill      XL: |  1  2  3  4  5  6  7  8  9 10 11 12 |
---------------+-------------------------------------+-----
Stealth        | 6 7 8 9 11 12 13 14 | 14.8
Spellcasting   | 1 2 3 4 5 7 8 9 10 | 10.3
Dodging        | 2 3 4 5 6 8 9 10 11 | 11.7
Fighting       | 2 3 4 5 7 |  7.7
Short Blades   | 3 4 5 7 8 9 10 | 10.0
Hexes          | 2 4 5 |  5.0
Fire Magic     | 2 4 5 |  5.0
Transmutations | 2 |  2.6
Poison Magic   | 1 |  1.9
Throwing       | |  2.0

Action                   |  1- 3 |  4- 6 |  7- 9 | 10-12 || total
-------------------------+-------+-------+-------+-------++-------
Melee: Dagger            |    63 |   197 |    89 |       ||   349
       Punch             |       |     4 |     1 |       ||     5
       Pair of quick bla |       |       |   114 |   503 ||   617
Throw: Dart              |       |     9 |    27 |       ||    36
 Cast: Ensorcelled Hiber |       |       |       |     4 ||     4
Invok: Lunge             |       |     9 |    57 |   128 ||   194
       Whirlwind         |       |     3 |     3 |    76 ||    82
Evoke: Wand              |       |       |       |     2 ||     2
  Use: Scroll            |       |     9 |       |    13 ||    22
       Potion            |       |     3 |       |     5 ||     8
 Stab: Sleeping          |    13 |    18 |    10 |    27 ||    68
       Distracted        |       |     2 |       |     1 ||     3
       Held in net/web   |       |       |       |     1 ||     1
Armor: Robe              |     5 |    17 |    16 |    26 ||    64
Dodge: Dodged            |    40 |   146 |    81 |   168 ||   435

Table legend: (Time is in decaauts)
 A = Elapsed time spent in this place.
 B = Non-inter-level travel time spent in this place.
 C = Inter-level travel time spent in this place.
 D = Time resting spent in this place.
 E = Time spent auto-exploring this place.
 F = Levels seen in this place.
 G = Mean time per level.
                   A        B        C        D        E       F      G
               +--------+--------+--------+--------+--------+-----+--------+
         Total |   8256 |   7813 |    443 |    719 |   4959 |  14 |  589.7 |
       Dungeon |   7646 |   7211 |    435 |    635 |   4828 |  12 |  637.2 |
        Temple |    295 |    288 |      7 |     65 |    128 |   1 |  295.0 |
      Ice Cave |    314 |    314 |      0 |     19 |      3 |   1 |  314.0 |
               +--------+--------+--------+--------+--------+-----+--------+

Top non-repeatable levels by time:
    D:11: 1130 daAuts
     D:5: 1062 daAuts
     D:4: 976 daAuts
     D:8: 781 daAuts
     D:9: 620 daAuts
     D:6: 540 daAuts
     D:3: 529 daAuts
    D:10: 512 daAuts
     D:1: 482 daAuts
     D:7: 414 daAuts
     D:2: 412 daAuts
   IceCv: 314 daAuts
  Temple: 295 daAuts
    D:12: 182 daAuts
